Blackhawks vs Avalanches

Created - 14 février 2022 at 16:10

Goals
1 2 3 T
Blackhawks 1 2 1 4
Avalanches 2 0 1 3
Shots
1 2 3 T
Blackhawks 10 15 6 31
Avalanches 16 3 10 29

GoalsPenalties
1st period
1. Avalanches , Colin Wilson 10 (Nick Foligno 16) at 4:46
2. Blackhawks , Viktor Arvidsson 18 (Ben Hutton 1, Jordan Staal 25) at 9:31
3. Avalanches , Alex Goligoski 12 (T.J. Oshie 27, Blake Wheeler 35) at 11:24 (PP)
Dmitry Orlov (CHI) for Holding (Minor) at 1:18
Gabriel Landeskog (CHI) for Hooking (Minor) at 4:49
Dmitry Orlov (CHI) for Holding (Minor) at 10:47
Justin Holl (CHI) for Interference (Minor) at 14:08
2nd period
4. Blackhawks , Justin Holl 5 (Kyle Palmieri 16, Cam Fowler 26) at 3:25
5. Blackhawks , Roman Josi 12 (Justin Holl 25, Petr Mrazek) at 14:21 (PP)
Robin Lehner (COL) for Delaying the game (Minor) at 6:10 - Nick Foligno served the penalty.
Jeff Petry (COL) for Roughing (Minor) at 9:01
Blake Wheeler (COL) for Hooking (Minor) at 13:12
3rd period
6. Avalanches , T.J. Oshie 20 (Jeff Petry 39, Derek Ryan 17) at 6:20 (PP)
7. Blackhawks , Jonathan Toews 24 (Gabriel Landeskog 22) at 8:37
Gabriel Landeskog (CHI) for Hooking (Minor) at 5:48
Justin Holl (CHI) for Interference (Minor) at 9:18
Jeff Carter (COL) for Holding (Minor) at 16:12
Goalie Stats
Petr Mrazek (CHI), 26 saves from 29 shots - (0,897), W, 2-5-1, 60:00 minutes
Robin Lehner (COL), 27 saves from 31 shots - (0,871), L, 23-19-4, 59:43 minutes
3 StarsOfficial
1 - Justin Holl (CHI)
2 - T.J. Oshie (COL)
3 - Cam Fowler (CHI)
Referees : Kyle Rehman and Graham Skiliter
Linesman : Brad Kovachik and Matt MacPherson
Game Note
No Game Note



Team Name Goals Shots Shots Attemp Shots Blocked PIM HIT PP PK FO%
Blackhawks 43162612231 / 4 (25%)248%
Avalanches 32951108162 / 6 (33%)152%

Blackhawks
Player Name POS G A P +/- PIM HIT SHT SB MP PP MP PP SHT PK MP PK SHT FO% FOT
Ben HuttonD0110010011:050:0000:0000% 0
Cam FowlerD0112022122:582:5414:4600% 0
Derek GrantC/LW0000021016:220:0005:39050% 24
Dmitry OrlovD0000422216:510:0000:1400% 0
Evander KaneLW/RW0001041016:023:2610:0000% 0
Gabriel LandeskogLW0111421017:523:2600:0600% 1
Jason DickinsonC/LW0000001016:340:0005:5100% 0
Jonathan ToewsC1011003018:533:2600:18067% 24
Jordan StaalC0111005019:243:4013:08052% 23
Justin HollD1122432021:484:1202:2000% 0
Kevin RooneyC/LW000002309:160:0003:08030% 10
Kyle PalmieriRW0111010017:283:0600:00033% 3
Marc StaalD0000021120:172:5405:3100% 0
Patric HornqvistRW000002109:560:0000:0000% 2
Rocco GrimaldiC/RW000000106:420:3400:0000% 1
Roman JosiD1010004226:574:1235:1900% 0
Tomas NosekC/LW000000006:080:0000:000100% 1
Viktor ArvidssonLW/RW1011003016:163:4010:0000% 5
Avalanches
Player Name POS G A P +/- PIM HIT SHT SB MP PP MP PP SHT PK MP PK SHT FO% FOT
Alex GoligoskiD1010021024:244:4013:1100% 0
Blake WheelerC/RW011-1213121:255:1010:10050% 4
Brad HuntD000-2010022:154:2503:4900% 0
Carl SoderbergC/LW000-100008:090:0004:23050% 12
Colin WilsonC/LW/RW1010002018:163:5500:00067% 3
Derek RyanC/RW011-1006122:595:1012:17147% 36
Erik GustafssonD000-2022122:154:2523:4900% 0
Jamie OleksiakD0000020214:380:0001:2300% 0
Jeff CarterC/LW0000210010:090:0000:00040% 10
Jeff PetryD0110233123:124:4032:0000% 0
Joel ArmiaRW0000002021:453:5503:290100% 2
John MooreD0000002213:150:0000:0000% 0
Justin WilliamsRW000000109:360:0000:000100% 1
Mark JankowskiC/LW000-100103:460:0000:0000% 0
Mattias JanmarkC/LW/RW0000001112:190:0002:4300% 1
Nick FolignoC/LW/RW0110020018:163:5500:00064% 22
Ryan DonatoC/LW000-100104:560:0001:1000% 1
T.J. OshieLW/RW112-1024121:165:1020:00050% 2

Blackhawks

5 vs 5 Forward
Line #Left WingCenterRight WingPHYDFOFWanted %Time %Time Play
1Gabriel LandeskogJonathan ToewsKyle Palmieri0233233%14:22
2Viktor ArvidssonJordan StaalEvander Kane0233029%12:36
3Jason DickinsonDerek GrantPatric Hornqvist1222523%9:56
4Tomas NosekKevin RooneyRocco Grimaldi0321314%6:08
5 vs 5 Defense
Line #DefenseDefensePHYDFOFWanted %Time %Time Play
1Roman JosiDmitry Orlov0324439%16:39
2Justin HollCam Fowler0323836%15:18
3Ben HuttonMarc Staal0411826%11:05
4Roman JosiJustin Holl02300%0:00
Power Play Forward
Line #Left WingCenterRight WingPHYDFOFWanted %Time %Time Play
1Gabriel LandeskogJonathan ToewsEvander Kane0146048%3:26
2Viktor ArvidssonJordan StaalKyle Palmieri0144052%3:40
Power Play Defense
Line #DefenseDefensePHYDFOFWanted %Time %Time Play
1Roman JosiJustin Holl0236059%4:12
2Marc StaalCam Fowler0234041%2:54
Penalty Kill 4 Players Forward
Line #CenterWingPHYDFOFWanted %Time %Time Play
1Derek GrantJason Dickinson0416066%5:57
2Jordan StaalKevin Rooney0414034%3:08
Penalty Kill 4 Players Defense
Line #DefenseDefensePHYDFOFWanted %Time %Time Play
1Roman JosiJustin Holl0416063%5:45
2Cam FowlerMarc Staal0414037%3:20
Penalty Kill 3 Players
Line #WingPHYDFOFWanted %Time %Time PlayDefenseDefensePHYDFOFWanted %Time %Time Play
1Derek Grant050500%0:00 Roman JosiJustin Holl050500%0:00
2Jason Dickinson050500%0:00 Cam FowlerMarc Staal050500%0:00
4 vs 4 Forward
Line #CenterWingPHYDFOFWanted %Time %Time Play
1Jonathan ToewsEvander Kane122600%0:00
2Jordan StaalGabriel Landeskog122400%0:00
4 vs 4 Defense
Line #DefensePHYDFOFWanted %Time %Time Play
1Roman JosiDmitry Orlov122600%0:00
2Justin HollCam Fowler122400%0:00
Last Minutes Offensive
Left WingCenterRight WingDefenseDefense
Gabriel LandeskogJonathan ToewsEvander KaneRoman JosiCam Fowler
Last Minutes Defensive
Left WingCenterRight WingDefenseDefense
Derek GrantJonathan ToewsJason DickinsonJustin HollMarc Staal
Time
Total ForwardTotal DefenseLast Minutes OffensiveLast Minutes Defensive
60:00 60:00 0:000:47
Extra Forwards
Normal PowerPlayPenalty Kill
Evander Kane, Jonathan Toews, Gabriel LandeskogViktor Arvidsson, Kyle PalmieriDerek Grant
Extra Defensemen
Normal PowerPlayPenalty Kill
Roman Josi, Dmitry Orlov, Justin HollRoman Josi, Marc StaalJustin Holl
Penalty Shots
Evander Kane, Viktor Arvidsson, Jonathan Toews, Gabriel Landeskog, Roman Josi
Goalie
Petr Mrazek, Carey Price
Custom OT Lines Forwards
Evander Kane, Jonathan Toews, Gabriel Landeskog, Jordan Staal, Viktor Arvidsson, Kyle Palmieri, Patric Hornqvist, Derek Grant, Jason Dickinson, Kevin Rooney
Custom OT Lines Defensemen
Roman Josi, Dmitry Orlov, Cam Fowler, Justin Holl, Marc Staal
Scratches
Anthony Bitetto (Healthy), Christian Djoos (Healthy)

Avalanches

5 vs 5 Forward
Line #Left WingCenterRight WingPHYDFOFWanted %Time %Time Play
1T.J. OshieDerek RyanBlake Wheeler0233536%15:32
2Joel ArmiaNick FolignoColin Wilson0233533%14:21
3Mattias JanmarkJeff CarterJustin Williams0232022%9:36
4Ryan DonatoCarl SoderbergMark Jankowski023109%3:46
5 vs 5 Defense
Line #DefenseDefensePHYDFOFWanted %Time %Time Play
1Jeff PetryAlex Goligoski0233532%13:52
2Brad HuntErik Gustafsson0233532%14:01
3Jamie OleksiakJohn Moore0231531%13:15
4Jeff PetryAlex Goligoski023155%2:07
Power Play Forward
Line #Left WingCenterRight WingPHYDFOFWanted %Time %Time Play
1T.J. OshieDerek RyanBlake Wheeler0146057%5:10
2Joel ArmiaNick FolignoColin Wilson0144043%3:55
Power Play Defense
Line #DefenseDefensePHYDFOFWanted %Time %Time Play
1Jeff PetryAlex Goligoski0146051%4:40
2Brad HuntErik Gustafsson0144049%4:25
Penalty Kill 4 Players Forward
Line #CenterWingPHYDFOFWanted %Time %Time Play
1Carl SoderbergJoel Armia0415062%4:23
2Derek RyanMattias Janmark0415038%2:43
Penalty Kill 4 Players Defense
Line #DefenseDefensePHYDFOFWanted %Time %Time Play
1Jeff PetryAlex Goligoski0415546%3:17
2Brad HuntErik Gustafsson0414554%3:49
Penalty Kill 3 Players
Line #WingPHYDFOFWanted %Time %Time PlayDefenseDefensePHYDFOFWanted %Time %Time Play
1Carl Soderberg041500%0:00 Jeff PetryAlex Goligoski041500%0:00
2Derek Ryan041500%0:00 Brad HuntErik Gustafsson041500%0:00
4 vs 4 Forward
Line #CenterWingPHYDFOFWanted %Time %Time Play
1Jeff CarterBlake Wheeler023550%0:00
2Nick FolignoT.J. Oshie023450%0:00
4 vs 4 Defense
Line #DefensePHYDFOFWanted %Time %Time Play
1Jeff PetryAlex Goligoski023600%0:00
2Brad HuntErik Gustafsson023400%0:00
Last Minutes Offensive
Left WingCenterRight WingDefenseDefense
Blake WheelerJeff CarterT.J. OshieJeff PetryAlex Goligoski
Last Minutes Defensive
Left WingCenterRight WingDefenseDefense
Joel ArmiaNick FolignoDerek RyanJeff PetryAlex Goligoski
Time
Total ForwardTotal DefenseLast Minutes OffensiveLast Minutes Defensive
60:00 60:00 0:340:00
Extra Forwards
Normal PowerPlayPenalty Kill
Blake Wheeler, T.J. Oshie, Joel ArmiaBlake Wheeler, T.J. OshieJoel Armia
Extra Defensemen
Normal PowerPlayPenalty Kill
Jeff Petry, Alex Goligoski, Brad HuntJeff Petry, Jeff PetryAlex Goligoski
Penalty Shots
T.J. Oshie, Blake Wheeler, Joel Armia, Jeff Carter, Justin Williams
Goalie
Robin Lehner, Jaroslav Halak
Custom OT Lines Forwards
T.J. Oshie, Blake Wheeler, Jeff Carter, Joel Armia, Nick Foligno, Carl Soderberg, Colin Wilson, Derek Ryan, Mark Jankowski, Justin Williams
Custom OT Lines Defensemen
Jeff Petry, Alex Goligoski, Brad Hunt, Erik Gustafsson, John Moore
Scratches
Riley Nash (Healthy), Zach Whitecloud (Healthy), Adam Brooks (Healthy), Adin Hill (Healthy)


Play-by-Play

1st period


0:01 of 1st period - Jonathan Toews wins face-off versus Blake Wheeler in neutral zone.
0:01 of 1st period - Roman Josi is hit by T.J. Oshie.
0:05 of 1st period - Shot by Dmitry Orlov.
0:05 of 1st period - Stopped by Robin Lehner with a rebound.
0:13 of 1st period - Shot by Derek Ryan.
0:13 of 1st period - Stopped by Petr Mrazek without a rebound.
0:14 of 1st period - Nick Foligno wins face-off versus Viktor Arvidsson in Blackhawks zone.
0:14 of 1st period - Nick Foligno is hit by Justin Holl.
0:49 of 1st period - Shot by Jordan Staal.
0:49 of 1st period - Stopped by Robin Lehner without a rebound.
0:50 of 1st period - Derek Grant wins face-off versus Jeff Carter in Avalanches zone.
0:53 of 1st period - Shot by Jason Dickinson.
0:53 of 1st period - Deflect By Patric Hornqvist.
0:53 of 1st period - Stopped by Robin Lehner without a rebound.
0:54 of 1st period - Jeff Carter wins face-off versus Derek Grant in Avalanches zone.
1:03 of 1st period - Shot by Justin Williams.
1:03 of 1st period - Stopped by Petr Mrazek with a rebound.
1:18 of 1st period - Minor Penalty to Dmitry Orlov for Holding.
1:19 of 1st period - Derek Ryan wins face-off versus Derek Grant in Blackhawks zone.
3:47 of 1st period - Shot by Jonathan Toews.
3:47 of 1st period - Stopped by Robin Lehner with a rebound.
3:49 of 1st period - Shot by Marc Staal.
3:49 of 1st period - Stopped by Robin Lehner without a rebound.
3:50 of 1st period - Jordan Staal wins face-off versus Jeff Carter in Avalanches zone.
4:23 of 1st period - Shot by Jordan Staal.
4:23 of 1st period - Stopped by Robin Lehner without a rebound.
4:24 of 1st period - Derek Ryan wins face-off versus Kevin Rooney in Avalanches zone.
4:24 of 1st period - Blake Wheeler is hit by Kevin Rooney and loses puck.
4:42 of 1st period - Shot by T.J. Oshie.
4:42 of 1st period - Shot Blocked by Dmitry Orlov.
4:44 of 1st period - Shot by Blake Wheeler.
4:44 of 1st period - Stopped by Petr Mrazek without a rebound.
4:45 of 1st period - Nick Foligno wins face-off versus Kyle Palmieri in Blackhawks zone.
4:46 of 1st period - Shot by Colin Wilson.
4:46 of 1st period - Goal by Colin Wilson - Blackhawks : 0 - Avalanches : 1.
4:47 of 1st period - Nick Foligno wins face-off versus Jonathan Toews in neutral zone.
4:49 of 1st period - Minor Penalty to Gabriel Landeskog for Hooking.
4:50 of 1st period - Derek Grant wins face-off versus Derek Ryan in Blackhawks zone.
5:16 of 1st period - Icing by Alex Goligoski.
5:17 of 1st period - Derek Grant wins face-off versus Derek Ryan in Avalanches zone.
5:35 of 1st period - Shot by Jeff Petry.
5:35 of 1st period - Stopped by Petr Mrazek without a rebound.
5:36 of 1st period - Jordan Staal wins face-off versus Nick Foligno in Blackhawks zone.
6:34 of 1st period - Alex Goligoski is hit by Derek Grant and loses puck.
7:37 of 1st period - Icing by Roman Josi.
7:38 of 1st period - Jonathan Toews wins face-off versus Derek Ryan in Blackhawks zone.
7:52 of 1st period - Derek Ryan is hit by Gabriel Landeskog and loses puck.
8:09 of 1st period - Shot by Blake Wheeler.
8:09 of 1st period - Deflect By Derek Ryan.
8:09 of 1st period - Shot Misses the Net.
8:19 of 1st period - Shot by T.J. Oshie.
8:19 of 1st period - Shot Misses the Net.
8:21 of 1st period - Shot by Derek Ryan.
8:21 of 1st period - Shot Misses the Net.
8:51 of 1st period - Shot by Joel Armia.
8:51 of 1st period - Stopped by Petr Mrazek without a rebound.
8:52 of 1st period - Carl Soderberg wins face-off versus Viktor Arvidsson in Blackhawks zone.
8:52 of 1st period - Jamie Oleksiak is hit by Marc Staal and loses puck.
9:04 of 1st period - Mark Jankowski is hit by Ben Hutton and loses puck.
9:23 of 1st period - Shot by Jordan Staal.
9:23 of 1st period - Shot Blocked by John Moore.
9:25 of 1st period - Shot by Jordan Staal.
9:25 of 1st period - Shot Misses the Net.
9:27 of 1st period - Shot by Ben Hutton.
9:27 of 1st period - Shot Misses the Net.
9:31 of 1st period - Shot by Viktor Arvidsson.
9:31 of 1st period - Goal by Viktor Arvidsson - Blackhawks : 1 - Avalanches : 1.
9:32 of 1st period - Colin Wilson wins face-off versus Derek Grant in neutral zone.
9:41 of 1st period - Off-side.
9:42 of 1st period - Derek Ryan wins face-off versus Rocco Grimaldi in neutral zone.
9:44 of 1st period - Off-side.
9:45 of 1st period - Nick Foligno wins face-off versus Derek Grant in neutral zone.
9:58 of 1st period - Shot by Nick Foligno.
9:58 of 1st period - Shot Misses the Net.
10:00 of 1st period - Shot by Colin Wilson.
10:00 of 1st period - Shot Misses the Net.
10:02 of 1st period - Shot by Colin Wilson.
10:02 of 1st period - Stopped by Petr Mrazek without a rebound.
10:03 of 1st period - Derek Ryan wins face-off versus Jordan Staal in Blackhawks zone.
10:22 of 1st period - Shot by Jordan Staal.
10:22 of 1st period - Stopped by Robin Lehner without a rebound.
10:23 of 1st period - Derek Grant wins face-off versus Nick Foligno in Avalanches zone.
10:41 of 1st period - Icing by Erik Gustafsson.
10:42 of 1st period - Nick Foligno wins face-off versus Jordan Staal in Avalanches zone.
10:42 of 1st period - Nick Foligno is hit by Evander Kane.
10:47 of 1st period - Minor Penalty to Dmitry Orlov for Holding.
10:48 of 1st period - Derek Ryan wins face-off versus Derek Grant in Blackhawks zone.
11:24 of 1st period - Shot by Alex Goligoski.
11:24 of 1st period - Goal by Alex Goligoski - Blackhawks : 1 - Avalanches : 2.
11:25 of 1st period - Nick Foligno wins face-off versus Jordan Staal in neutral zone.
11:49 of 1st period - Shot by Colin Wilson.
11:49 of 1st period - Shot Blocked by Dmitry Orlov.
11:51 of 1st period - Shot by Nick Foligno.
11:51 of 1st period - Shot Misses the Net.
12:52 of 1st period - Shot by Justin Holl.
12:52 of 1st period - Stopped by Robin Lehner without a rebound.
12:53 of 1st period - Derek Grant wins face-off versus Derek Ryan in Avalanches zone.
13:03 of 1st period - Icing by Ben Hutton.
13:04 of 1st period - Derek Grant wins face-off versus Derek Ryan in Blackhawks zone.
13:04 of 1st period - Derek Grant is hit by T.J. Oshie.
13:11 of 1st period - Marc Staal is hit by Jeff Petry and loses puck.
13:39 of 1st period - Ben Hutton is hit by Jeff Petry and loses puck.
14:08 of 1st period - Minor Penalty to Justin Holl for Interference.
14:09 of 1st period - Nick Foligno wins face-off versus Jordan Staal in Blackhawks zone.
14:15 of 1st period - Colin Wilson is hit by Cam Fowler.
14:17 of 1st period - Shot by Erik Gustafsson.
14:17 of 1st period - Stopped by Petr Mrazek without a rebound.
14:18 of 1st period - Jordan Staal wins face-off versus Nick Foligno in Blackhawks zone.
14:27 of 1st period - Roman Josi is hit by Nick Foligno and loses puck.
14:48 of 1st period - Shot by Joel Armia.
14:48 of 1st period - Shot Blocked by Roman Josi.
14:50 of 1st period - Shot by Erik Gustafsson.
14:50 of 1st period - Stopped by Petr Mrazek without a rebound.
14:51 of 1st period - Jordan Staal wins face-off versus Derek Ryan in Blackhawks zone.
15:13 of 1st period - Shot by Derek Ryan.
15:13 of 1st period - Shot Misses the Net.
15:15 of 1st period - Shot by T.J. Oshie.
15:15 of 1st period - Stopped by Petr Mrazek without a rebound.
15:16 of 1st period - Joel Armia wins face-off versus Derek Grant in Blackhawks zone.
16:03 of 1st period - Shot by Alex Goligoski.
16:03 of 1st period - Shot Misses the Net.
16:05 of 1st period - Shot by Jeff Petry.
16:05 of 1st period - Stopped by Petr Mrazek without a rebound.
16:06 of 1st period - Derek Ryan wins face-off versus Derek Grant in Blackhawks zone.
16:26 of 1st period - Off-side.
16:27 of 1st period - Jordan Staal wins face-off versus Derek Ryan in neutral zone.
16:32 of 1st period - Icing by John Moore.
16:33 of 1st period - Derek Ryan wins face-off versus Jonathan Toews in Avalanches zone.
16:33 of 1st period - Blake Wheeler is hit by Gabriel Landeskog and loses puck.
16:43 of 1st period - Blake Wheeler is hit by Justin Holl and loses puck.
18:03 of 1st period - Shot by Evander Kane.
18:03 of 1st period - Shot Blocked by Mattias Janmark.
18:47 of 1st period - Jason Dickinson is hit by Erik Gustafsson.
18:55 of 1st period - Shot by Derek Grant.
18:55 of 1st period - Stopped by Robin Lehner without a rebound.
18:56 of 1st period - Derek Ryan wins face-off versus Kevin Rooney in Avalanches zone.
19:05 of 1st period - Shot by Derek Ryan.
19:05 of 1st period - Stopped by Petr Mrazek without a rebound.
19:06 of 1st period - Derek Ryan wins face-off versus Kyle Palmieri in Blackhawks zone.
19:17 of 1st period - Shot by John Moore.
19:17 of 1st period - Stopped by Petr Mrazek with a rebound.
19:37 of 1st period - Shot by John Moore.
19:37 of 1st period - Stopped by Petr Mrazek with a rebound.
19:47 of 1st period - Shot by T.J. Oshie.
19:47 of 1st period - Stopped by Petr Mrazek with a rebound.
Goals for this period are 1 for Blackhawks vs 2 for Avalanches.
Shots for this period are 10 for Blackhawks vs 16 for Avalanches.

2nd period


0:01 of 2nd period - Kevin Rooney wins face-off versus Nick Foligno in neutral zone.
0:22 of 2nd period - Rocco Grimaldi is hit by Brad Hunt and loses puck.
0:25 of 2nd period - Shot by Kevin Rooney.
0:25 of 2nd period - Stopped by Robin Lehner with a rebound.
1:00 of 2nd period - Icing by Derek Ryan.
1:01 of 2nd period - T.J. Oshie wins face-off versus Viktor Arvidsson in Avalanches zone.
1:01 of 2nd period - T.J. Oshie is hit by Evander Kane.
1:21 of 2nd period - Shot by Viktor Arvidsson.
1:21 of 2nd period - Stopped by Robin Lehner without a rebound.
1:22 of 2nd period - Carl Soderberg wins face-off versus Derek Grant in Avalanches zone.
1:22 of 2nd period - Mark Jankowski is hit by Derek Grant and loses puck.
1:36 of 2nd period - Off-side.
1:37 of 2nd period - Justin Williams wins face-off versus Viktor Arvidsson in neutral zone.
1:49 of 2nd period - Shot by Evander Kane.
1:49 of 2nd period - Shot Blocked by Jeff Petry.
2:08 of 2nd period - Icing by Alex Goligoski.
2:09 of 2nd period - Jeff Carter wins face-off versus Derek Grant in Avalanches zone.
3:23 of 2nd period - Shot by Kyle Palmieri.
3:23 of 2nd period - Shot Misses the Net.
3:25 of 2nd period - Shot by Justin Holl.
3:25 of 2nd period - Goal by Justin Holl - Blackhawks : 2 - Avalanches : 2.
3:26 of 2nd period - Jordan Staal wins face-off versus Derek Ryan in neutral zone.
4:01 of 2nd period - Shot by Jordan Staal.
4:01 of 2nd period - Shot Misses the Net.
4:03 of 2nd period - Shot by Jordan Staal.
4:03 of 2nd period - Shot Misses the Net.
4:05 of 2nd period - Shot by Jordan Staal.
4:05 of 2nd period - Shot Blocked by Blake Wheeler.
4:57 of 2nd period - Shot by Gabriel Landeskog.
4:57 of 2nd period - Shot Blocked by Jamie Oleksiak.
5:40 of 2nd period - Shot by Colin Wilson.
5:40 of 2nd period - Shot Hit the Post.
6:10 of 2nd period - Shot by Kevin Rooney.
6:10 of 2nd period - Stopped by Robin Lehner without a rebound.
6:10 of 2nd period - Minor Penalty to Robin Lehner for Delaying the game.
6:11 of 2nd period - Carl Soderberg wins face-off versus Jordan Staal in Avalanches zone.
6:30 of 2nd period - Shot by Viktor Arvidsson.
6:30 of 2nd period - Stopped by Robin Lehner without a rebound.
6:31 of 2nd period - Carl Soderberg wins face-off versus Jonathan Toews in Avalanches zone.
7:00 of 2nd period - Shot by Evander Kane.
7:00 of 2nd period - Shot Blocked by Erik Gustafsson.
7:02 of 2nd period - Shot by Roman Josi.
7:02 of 2nd period - Stopped by Robin Lehner without a rebound.
7:03 of 2nd period - Derek Ryan wins face-off versus Jordan Staal in Avalanches zone.
7:27 of 2nd period - Off-side.
7:28 of 2nd period - Jonathan Toews wins face-off versus Blake Wheeler in neutral zone.
7:40 of 2nd period - Icing by Roman Josi.
7:41 of 2nd period - Jonathan Toews wins face-off versus Derek Ryan in Blackhawks zone.
7:50 of 2nd period - Shot by Mattias Janmark.
7:50 of 2nd period - Shot Misses the Net.
7:52 of 2nd period - Shot by Derek Ryan.
7:52 of 2nd period - Stopped by Petr Mrazek without a rebound.
7:53 of 2nd period - Jordan Staal wins face-off versus Carl Soderberg in Blackhawks zone.
8:23 of 2nd period - Shot by Ryan Donato.
8:23 of 2nd period - Stopped by Petr Mrazek without a rebound.
8:24 of 2nd period - Colin Wilson wins face-off versus Kevin Rooney in Blackhawks zone.
8:25 of 2nd period - Shot by Joel Armia.
8:25 of 2nd period - Shot Misses the Net.
8:43 of 2nd period - Shot by Rocco Grimaldi.
8:43 of 2nd period - Stopped by Robin Lehner without a rebound.
8:44 of 2nd period - Blake Wheeler wins face-off versus Jordan Staal in Avalanches zone.
8:44 of 2nd period - Blake Wheeler is hit by Evander Kane.
9:01 of 2nd period - Minor Penalty to Jeff Petry for Roughing.
9:02 of 2nd period - Jonathan Toews wins face-off versus Carl Soderberg in Avalanches zone.
9:07 of 2nd period - Shot by Evander Kane.
9:07 of 2nd period - Stopped by Robin Lehner without a rebound.
9:08 of 2nd period - Jonathan Toews wins face-off versus Derek Ryan in Avalanches zone.
9:09 of 2nd period - Shot by Roman Josi.
9:09 of 2nd period - Stopped by Robin Lehner without a rebound.
9:10 of 2nd period - Jonathan Toews wins face-off versus Derek Ryan in Avalanches zone.
9:10 of 2nd period - Jonathan Toews is hit by Jamie Oleksiak.
9:40 of 2nd period - Shot by Jonathan Toews.
9:40 of 2nd period - Shot Misses the Net.
9:47 of 2nd period - Icing by Jonathan Toews.
9:48 of 2nd period - Jonathan Toews wins face-off versus Derek Ryan in Blackhawks zone.
11:22 of 2nd period - Shot by Patric Hornqvist.
11:22 of 2nd period - Shot Misses the Net.
11:36 of 2nd period - Shot by Dmitry Orlov.
11:36 of 2nd period - Stopped by Robin Lehner without a rebound.
11:37 of 2nd period - Derek Ryan wins face-off versus Kevin Rooney in Avalanches zone.
11:50 of 2nd period - Shot by Blake Wheeler.
11:50 of 2nd period - Shot Blocked by Marc Staal.
12:37 of 2nd period - Shot by Jonathan Toews.
12:37 of 2nd period - Shot Misses the Net.
13:12 of 2nd period - Minor Penalty to Blake Wheeler for Hooking.
13:13 of 2nd period - Carl Soderberg wins face-off versus Jordan Staal in Avalanches zone.
13:39 of 2nd period - Shot by Jordan Staal.
13:39 of 2nd period - Stopped by Robin Lehner without a rebound.
13:40 of 2nd period - Jonathan Toews wins face-off versus Carl Soderberg in Avalanches zone.
13:59 of 2nd period - Shot by Cam Fowler.
13:59 of 2nd period - Stopped by Robin Lehner without a rebound.
14:00 of 2nd period - Jordan Staal wins face-off versus Ryan Donato in Avalanches zone.
14:21 of 2nd period - Shot by Roman Josi.
14:21 of 2nd period - Goal by Roman Josi - Blackhawks : 3 - Avalanches : 2.
14:22 of 2nd period - Jeff Carter wins face-off versus Patric Hornqvist in neutral zone.
14:41 of 2nd period - Shot by Jeff Carter.
14:41 of 2nd period - Shot Misses the Net.
16:01 of 2nd period - Icing by Roman Josi.
16:02 of 2nd period - Derek Ryan wins face-off versus Jordan Staal in Blackhawks zone.
16:19 of 2nd period - Shot by Blake Wheeler.
16:19 of 2nd period - Stopped by Petr Mrazek without a rebound.
16:20 of 2nd period - Kyle Palmieri wins face-off versus Carl Soderberg in Blackhawks zone.
16:32 of 2nd period - Shot by Cam Fowler.
16:32 of 2nd period - Stopped by Robin Lehner without a rebound.
16:33 of 2nd period - Tomas Nosek wins face-off versus T.J. Oshie in Avalanches zone.
17:08 of 2nd period - Shot by Kevin Rooney.
17:08 of 2nd period - Shot Hit the Post.
17:48 of 2nd period - Shot by Evander Kane.
17:48 of 2nd period - Shot Misses the Net.
17:55 of 2nd period - Icing by Joel Armia.
17:56 of 2nd period - Nick Foligno wins face-off versus Jonathan Toews in Avalanches zone.
18:02 of 2nd period - Icing by Ben Hutton.
18:03 of 2nd period - Jonathan Toews wins face-off versus Carl Soderberg in Blackhawks zone.
18:32 of 2nd period - Shot by Ryan Donato.
18:32 of 2nd period - Shot Misses the Net.
18:55 of 2nd period - Ben Hutton is hit by Erik Gustafsson and loses puck.
19:10 of 2nd period - Shot by Nick Foligno.
19:10 of 2nd period - Shot Misses the Net.
19:19 of 2nd period - Roman Josi is hit by Nick Foligno and loses puck.
19:23 of 2nd period - Off-side.
19:24 of 2nd period - Derek Grant wins face-off versus Derek Ryan in neutral zone.
19:43 of 2nd period - Shot by Derek Grant.
19:43 of 2nd period - Shot Misses the Net.
19:45 of 2nd period - Shot by Jason Dickinson.
19:45 of 2nd period - Stopped by Robin Lehner without a rebound.
19:46 of 2nd period - Jordan Staal wins face-off versus Jeff Carter in Avalanches zone.
19:49 of 2nd period - Shot by Roman Josi.
19:49 of 2nd period - Shot Misses the Net.
19:59 of 2nd period - Shot by Jeff Carter.
19:59 of 2nd period - Shot Blocked by Roman Josi.
Goals for this period are 2 for Blackhawks vs 0 for Avalanches.
Shots for this period are 15 for Blackhawks vs 3 for Avalanches.

3rd period


0:01 of 3rd period - Jonathan Toews wins face-off versus Nick Foligno in neutral zone.
0:29 of 3rd period - Colin Wilson is hit by Dmitry Orlov and loses puck.
2:00 of 3rd period - Icing by Justin Holl.
2:01 of 3rd period - Jeff Carter wins face-off versus Jordan Staal in Blackhawks zone.
2:06 of 3rd period - Shot by Jeff Carter.
2:06 of 3rd period - Shot Misses the Net.
2:09 of 3rd period - Icing by Justin Holl.
2:10 of 3rd period - Jordan Staal wins face-off versus Carl Soderberg in Blackhawks zone.
2:58 of 3rd period - Icing by Dmitry Orlov.
2:59 of 3rd period - Nick Foligno wins face-off versus Gabriel Landeskog in Blackhawks zone.
2:59 of 3rd period - Colin Wilson is hit by Dmitry Orlov and loses puck.
3:11 of 3rd period - Shot by Gabriel Landeskog.
3:11 of 3rd period - Stopped by Robin Lehner without a rebound.
3:12 of 3rd period - Derek Ryan wins face-off versus Patric Hornqvist in Avalanches zone.
3:22 of 3rd period - Icing by Jeff Petry.
3:23 of 3rd period - Kevin Rooney wins face-off versus Derek Ryan in Avalanches zone.
3:23 of 3rd period - Tomas Nosek is hit by Alex Goligoski and loses puck.
3:41 of 3rd period - Shot by Derek Ryan.
3:41 of 3rd period - Stopped by Petr Mrazek without a rebound.
3:42 of 3rd period - Nick Foligno wins face-off versus Jonathan Toews in Blackhawks zone.
3:50 of 3rd period - Icing by Brad Hunt.
3:51 of 3rd period - Nick Foligno wins face-off versus Viktor Arvidsson in Avalanches zone.
4:16 of 3rd period - Joel Armia is hit by Evander Kane and loses puck.
5:20 of 3rd period - Icing by Dmitry Orlov.
5:21 of 3rd period - Jordan Staal wins face-off versus Jeff Carter in Blackhawks zone.
5:31 of 3rd period - Off-side.
5:32 of 3rd period - Carl Soderberg wins face-off versus Jonathan Toews in neutral zone.
5:35 of 3rd period - Shot by Mark Jankowski.
5:35 of 3rd period - Stopped by Petr Mrazek with a rebound.
5:48 of 3rd period - Minor Penalty to Gabriel Landeskog for Hooking.
5:49 of 3rd period - Derek Ryan wins face-off versus Derek Grant in Blackhawks zone.
5:58 of 3rd period - Shot by Derek Ryan.
5:58 of 3rd period - Shot Misses the Net.
6:16 of 3rd period - Shot by Jeff Petry.
6:16 of 3rd period - Stopped by Petr Mrazek with a rebound.
6:20 of 3rd period - Shot by T.J. Oshie.
6:20 of 3rd period - Goal by T.J. Oshie - Blackhawks : 3 - Avalanches : 3.
6:21 of 3rd period - Jonathan Toews wins face-off versus Nick Foligno in neutral zone.
6:47 of 3rd period - Shot by Joel Armia.
6:47 of 3rd period - Stopped by Petr Mrazek without a rebound.
6:48 of 3rd period - Kevin Rooney wins face-off versus Jeff Carter in Blackhawks zone.
7:09 of 3rd period - Shot by Rocco Grimaldi.
7:09 of 3rd period - Shot Misses the Net.
7:11 of 3rd period - Shot by Kevin Rooney.
7:11 of 3rd period - Stopped by Robin Lehner without a rebound.
7:12 of 3rd period - Derek Grant wins face-off versus Derek Ryan in Avalanches zone.
7:29 of 3rd period - Shot by Derek Ryan.
7:29 of 3rd period - Stopped by Petr Mrazek without a rebound.
7:30 of 3rd period - Jonathan Toews wins face-off versus Nick Foligno in Blackhawks zone.
7:57 of 3rd period - Shot by Gabriel Landeskog.
7:57 of 3rd period - Deflect By Jonathan Toews.
7:57 of 3rd period - Stopped by Robin Lehner without a rebound.
7:58 of 3rd period - Derek Ryan wins face-off versus Derek Grant in Avalanches zone.
7:58 of 3rd period - Derek Ryan is hit by Patric Hornqvist.
8:29 of 3rd period - Icing by Brad Hunt.
8:30 of 3rd period - Jonathan Toews wins face-off versus Derek Ryan in Avalanches zone.
8:37 of 3rd period - Shot by Jonathan Toews.
8:37 of 3rd period - Goal by Jonathan Toews - Blackhawks : 4 - Avalanches : 3.
8:38 of 3rd period - Nick Foligno wins face-off versus Jonathan Toews in neutral zone.
8:42 of 3rd period - Alex Goligoski is hit by Kyle Palmieri.
8:49 of 3rd period - Icing by Justin Holl.
8:50 of 3rd period - Jonathan Toews wins face-off versus Mattias Janmark in Blackhawks zone.
8:58 of 3rd period - Jeff Carter is hit by Cam Fowler and loses puck.
9:08 of 3rd period - Jeff Petry is hit by Justin Holl and loses puck.
9:18 of 3rd period - Minor Penalty to Justin Holl for Interference.
9:19 of 3rd period - Derek Grant wins face-off versus Derek Ryan in Blackhawks zone.
9:25 of 3rd period - Icing by Brad Hunt.
9:26 of 3rd period - Derek Grant wins face-off versus Derek Ryan in Avalanches zone.
9:37 of 3rd period - Roman Josi is hit by Blake Wheeler and loses puck.
9:58 of 3rd period - Shot by Blake Wheeler.
9:58 of 3rd period - Stopped by Petr Mrazek with a rebound.
10:00 of 3rd period - Shot by Derek Ryan.
10:00 of 3rd period - Stopped by Petr Mrazek without a rebound.
10:01 of 3rd period - Derek Grant wins face-off versus Nick Foligno in Blackhawks zone.
10:08 of 3rd period - Icing by Joel Armia.
10:09 of 3rd period - Joel Armia wins face-off versus Derek Grant in Avalanches zone.
11:21 of 3rd period - Shot by Mattias Janmark.
11:21 of 3rd period - Stopped by Petr Mrazek without a rebound.
11:22 of 3rd period - Jonathan Toews wins face-off versus Jeff Carter in Blackhawks zone.
11:22 of 3rd period - Justin Holl is hit by Jeff Carter and loses puck.
12:31 of 3rd period - Shot by Jordan Staal.
12:31 of 3rd period - Stopped by Robin Lehner without a rebound.
12:32 of 3rd period - Nick Foligno wins face-off versus Kevin Rooney in Avalanches zone.
12:32 of 3rd period - Nick Foligno is hit by Kevin Rooney.
12:43 of 3rd period - Joel Armia is hit by Marc Staal and loses puck.
12:49 of 3rd period - Icing by Marc Staal.
12:50 of 3rd period - Blake Wheeler wins face-off versus Kevin Rooney in Blackhawks zone.
13:17 of 3rd period - Kevin Rooney is hit by Alex Goligoski and loses puck.
13:32 of 3rd period - Alex Goligoski is hit by Patric Hornqvist.
13:33 of 3rd period - Icing by Alex Goligoski.
13:34 of 3rd period - Derek Grant wins face-off versus Derek Ryan in Avalanches zone.
13:49 of 3rd period - Shot by Jason Dickinson.
13:49 of 3rd period - Shot Blocked by Derek Ryan.
13:52 of 3rd period - Jason Dickinson is hit by Jeff Petry and loses puck.
14:05 of 3rd period - Shot by Jason Dickinson.
14:05 of 3rd period - Shot Blocked by T.J. Oshie.
14:32 of 3rd period - Icing by Erik Gustafsson.
14:33 of 3rd period - Jordan Staal wins face-off versus Colin Wilson in Avalanches zone.
14:34 of 3rd period - Shot by Viktor Arvidsson.
14:34 of 3rd period - Shot Misses the Net.
14:53 of 3rd period - Shot by Jordan Staal.
14:53 of 3rd period - Shot Misses the Net.
14:55 of 3rd period - Shot by Evander Kane.
14:55 of 3rd period - Shot Misses the Net.
15:01 of 3rd period - Shot by Jordan Staal.
15:01 of 3rd period - Shot Misses the Net.
15:03 of 3rd period - Shot by Cam Fowler.
15:03 of 3rd period - Shot Misses the Net.
15:51 of 3rd period - Shot by Gabriel Landeskog.
15:51 of 3rd period - Shot Misses the Net.
15:53 of 3rd period - Shot by Gabriel Landeskog.
15:53 of 3rd period - Shot Misses the Net.
15:55 of 3rd period - Shot by Jonathan Toews.
15:55 of 3rd period - Shot Misses the Net.
15:57 of 3rd period - Shot by Gabriel Landeskog.
15:57 of 3rd period - Shot Blocked by John Moore.
16:12 of 3rd period - Minor Penalty to Jeff Carter for Holding.
16:13 of 3rd period - Derek Ryan wins face-off versus Jordan Staal in Avalanches zone.
18:05 of 3rd period - Icing by Jonathan Toews.
18:06 of 3rd period - Derek Ryan wins face-off versus Jonathan Toews in Blackhawks zone.
18:15 of 3rd period - Shot by Roman Josi.
18:15 of 3rd period - Stopped by Robin Lehner with a rebound.
18:29 of 3rd period - Shot by T.J. Oshie.
18:29 of 3rd period - Stopped by Petr Mrazek without a rebound.
18:30 of 3rd period - Nick Foligno wins face-off versus Kevin Rooney in Blackhawks zone.
18:33 of 3rd period - Shot by Nick Foligno.
18:33 of 3rd period - Shot Blocked by Cam Fowler.
18:38 of 3rd period - Tomas Nosek is hit by Jamie Oleksiak.
18:50 of 3rd period - Shot by Kevin Rooney.
18:50 of 3rd period - Shot Blocked by Jamie Oleksiak.
19:43 of 3rd period - Avalanches, Robin Lehner is pulled from the net.
Goals for this period are 1 for Blackhawks vs 1 for Avalanches.
Shots for this period are 6 for Blackhawks vs 10 for Avalanches.